 Dungeon Crawl Stone Soup version 0.27.0-1-g7a089689b8 (webtiles) character file.

Game seed: 11803323706863090256

56 simples the Shield-Bearer (level 3, 0/33 HPs)
             Began as a Minotaur Fighter on Aug 1, 2021.
             Succumbed to an adder's poison
             ... on level 3 of the Dungeon.
             The game lasted 00:01:04 (1409 turns).

simples the Shield-Bearer (Minotaur Fighter)        Turns: 1409, Time: 00:01:04

Health: 0/33       AC:  7    Str: 21    XL:     3   Next: 71%
Magic:  2/2        EV:  7    Int:  5    God:
Gold:   0          SH:  9    Dex:  9    Spells: 2/2 levels left

rFire    . . .     SeeInvis .   a - +0 war axe
rCold    . . .     Faith    .   c - +0 kite shield
rNeg     . . .     Spirit   .   b - +0 scale mail
rPois    .         Reflect  .   (helmet restricted)
rElec    .         Harm     .   (no cloak)
rCorr    .         Rampage  .   (no gloves)
Will     .....                  (no boots)
Stlth    ..........             (no amulet)
HPRegen  0.11/turn              (no ring)
MPRegen  0.08/turn              (no ring)

@: lethally poisoned (0 -> -4)
A: horns 2, retaliatory headbutt
a: no special abilities


You were on level 3 of the Dungeon.
You visited 1 branch of the dungeon, and saw 3 of its levels.

Inventory:

Hand Weapons
 a - a +0 war axe (weapon)
Armour
 b - a +0 scale mail (worn)
 c - a +0 kite shield (worn)
Scrolls
 e - 2 scrolls of immolation {unknown}
 f - a scroll of identify {unknown}
 g - 3 scrolls of amnesia {unknown}
 h - a scroll of fear {unknown}
 i - a scroll of teleportation {unknown}
 j - a scroll of vulnerability {unknown}
 k - a scroll of torment {unknown}
Potions
 d - 2 potions of might


   Skills:
 + Level 4.1 Fighting
 + Level 3.1 Axes
 + Level 4.2 Armour
 + Level 0.9 Dodging
 + Level 4.2 Shields


You had 2 spell levels left.
You didn't know any spells.
Your spell library was empty.

Dungeon Overview and Level Annotations

Branches:
Dungeon (3/15)

Altars:


Innate Abilities, Weirdness & Mutations

You have a pair of horns on your head.
You reflexively headbutt those who attack you in melee.


Message History

You block the adder's attack. The adder bites you but does no damage.
The adder bites you but does no damage. The adder bites you but does no damage.
The adder bites you but does no damage. x2
You block the adder's attack. The adder barely misses you.
You block the adder's attack. You block the adder's attack.
The adder bites you. The adder bites you but does no damage.
The adder bites you but does no damage. The adder bites you.
The adder completely misses you. You furiously retaliate!
You headbutt the adder. You block the adder's attack.
You block the adder's attack. The adder bites you.
The adder bites you but does no damage. The adder bites you but does no damage.
The adder bites you.
You are poisoned.
The adder poisons you!
You feel sick. The adder bites you but does no damage.
You feel sick.
The adder bites you but does no damage. x2
You feel sick. The adder bites you.
You feel sick. The adder bites you.
You are more poisoned.
The adder poisons you!
You feel sick.
The adder bites you but does no damage. x2
You feel sick. The adder bites you but does no damage.
You feel sick. The adder bites you.
* * * LOW HITPOINT WARNING * * *
You are lethally poisoned!
The adder poisons you!
* * * LOW HITPOINT WARNING * * *
You feel sick.
The adder bites you but does no damage. x2
* * * LOW HITPOINT WARNING * * *
You feel sick. The adder barely misses you. You furiously retaliate!
You headbutt the adder!
You kill the adder!
* * * LOW HITPOINT WARNING * * *
You feel sick.
You die...

... .#. .. .$..
... .# .#.......
.. ## .........
.# ... ...#.#.#.
.##...
##...............
...).#.#)#.##....
#.....#@....#
#....#.#.<$.#
#.....##.#
##..#.# .# #....#
.# #..#.##.#
#.......#
#.....<.#
###.#####


There were no monsters in sight!

Vanquished Creatures
  2 adders
  2 dart slugs
  An orc (D:3)
  3 endoplasms
  A giant cockroach (D:1)
  4 goblins
  4 hobgoblins
  4 jackals (D:1)
  A quokka (D:2)
  A ball python (D:1)
  2 bats (D:1)
  6 rats
31 creatures vanquished.

Notes
Turn   | Place    | Note
-------+----------+-------------------------------------------
     0 | D:1      | simples the Minotaur Fighter began the quest for the Orb.
     0 | D:1      | Reached XP level 1. HP: 19/19 MP: 0/0
    20 | D:1      | Noticed a golden eye
    22 | D:1      | Found a faded altar of an unknown god.
    24 | D:1      | Noticed a shining eye
    24 | D:1      | Noticed a golden eye
    24 | D:1      | Noticed a floating eye
   291 | D:1      | Reached XP level 2. HP: 27/27 MP: 1/1
  1069 | D:2      | Reached XP level 3. HP: 33/33 MP: 2/2
  1408 | D:3      | HP: 1/33 [poisoned by an adder]
  1409 | D:3      | Succumbed to an adder's poison

Illustrated notes

Levels and vault maps discovered:
D:1:      dpeg_arrival_tiny_g, layout_basic,
          hellmonk_ecumenical_altar_watching_god, minmay_tromino_i2
D:2:      layout_loops_ring
D:3:      layout_loops_cross, bloody_trog, kennysheep_small_spiral,
          hangedman_decor_riveting, roderic_batcave, kennysheep_nondescript

Skill      XL: |  1  2  3 |
---------------+----------+-----
Fighting       | 4 |  4.1
Armour         | 4 |  4.2
Shields        | 4 |  4.2
Axes           | 3 |  3.1
Dodging        | |  0.9

Action                   || total
-------------------------++-------
Melee: War axe           ||    58
       Headbutt          ||     9
Armor: Scale mail        ||    72
Dodge: Dodged            ||    34
Block: Kite shield       ||    54
